 Dungeon Crawl Stone Soup version 0.30.1-11-g7821555f0a (webtiles) character file.

Game seed: 2270355942615393757

2252 Destapler the Cudgeller (level 9, -1/127 HPs)
             Began as a Troll Berserker on Dec 11, 2023.
             Was a Priest of Trog.
             Slain by a lemure (7 damage)
             ... led by Pikel
             ... on level 5 of the Dungeon.
             The game lasted 00:12:54 (3122 turns).

Destapler the Cudgeller (Troll Berserker)           Turns: 3122, Time: 00:12:56

Health: -1/127     AC: -3    Str: 37    XL:     9   Next: 15%
Magic:  8/8        EV: 11    Int:  3    God:    Trog [***...]
Gold:   293        SH:  0    Dex: 16    Spells: 8/8 levels left

rFire   . . .        a - +0 mace
rCold   . . .        (no shield)
rNeg    . . .        u - +0 steam dragon scales
rPois   .            (helmet restricted)
rElec   .            (no cloak)
rCorr   .            (gloves unavailable)
SInv    +            (boots unavailable)
Will    .....        (no amulet) Stlth
                     f - +4 ring of slaying
HPRegen 1.21/turn    m - ring of the Yeti {*Corrode Str+6 Dex+7 Slay+6 SInv}
MPRegen 0.11/turn

%: corrode self (3%)
@: berserking (expiring), corroded, very quick
A: large, unfitting armour, claws 3, regeneration 1, shaggy fur 1, tough skin 1
a: Renounce Religion, Berserk, Trog's Hand


You were on level 5 of the Dungeon.
You worshipped Trog.
Trog was most pleased with you.
You visited 1 branch of the dungeon, and saw 5 of its levels.

You collected 293 gold pieces.

Inventory:

Hand Weapons
 a - a +0 mace (weapon)
 y - a +0 giant spiked club
Missiles
 o - 10 poisoned darts (quivered)
 p - 6 stones
 z - 3 large rocks
Armour
 b - a +0 animal skin
 n - a +0 tower shield
 u - +0 steam dragon scales (worn)
Jewellery
 f - a +4 ring of slaying (left claw)
 m - the ring of the Yeti (right claw) {*Corrode Str+6 Dex+7 Slay+6 SInv}
   (You found it on level 2 of the Dungeon)

   [ring of strength]

   Str:       It affects your strength (+6).
   Dex:       It affects your dexterity (+7).
   Slay:      It affects your accuracy & damage with ranged weapons and melee
   (+6).
   SInv:      It lets you see invisible.
   *Corrode:  It may corrode you when you take damage.
 r - a +4 ring of protection
 A - a ring of ice
 B - a ring of protection from fire
 D - a ring of positive energy
Wands
 w - a wand of iceblast (8)
Scrolls
 g - a scroll of enchant weapon {unknown}
 k - 6 scrolls of identify {unknown}
 l - 2 scrolls of teleportation
 s - a scroll of fog {unknown}
 v - a scroll of immolation {unknown}
 x - a scroll of noise {unknown}
 C - a scroll of vulnerability {unknown}
 G - a scroll of butterflies {unknown}
Potions
 c - 2 potions of haste {unknown}
 d - 3 potions of mutation {unknown}
 e - 4 potions of curing {unknown}
 h - a potion of attraction {unknown}
 i - a potion of experience {unknown}
 j - a potion of degeneration {unknown}
 q - 4 potions of flight {unknown}
 t - a potion of heal wounds {unknown}
 E - a potion of ambrosia {unknown}
 F - a potion of resistance {unknown}


   Skills:
 + Level 4.7 Fighting
 + Level 7.2 Maces & Flails
 - Level 3.0 Throwing
 + Level 4.6 Armour
 - Level 3.0 Dodging
 + Level 3.7 Shields


You had 8 spell levels left.
You didn't know any spells.
Your spell library contained the following spells:

 Spells                   Type           Power      Damage    Failure   Level
 Summon Small Mammal      Summ           0%         N/A       52%         1
 Call Canine Familiar     Summ           0%         N/A       88%         3
 Frozen Ramparts          Ice            0%         1d1       88%         3
 Summon Guardian Golem    Hex/Summ       0%         N/A       88%         3
 Ice Form                 Ice/Tmut       0%         N/A       99%         4
 Summon Ice Beast         Ice/Summ       0%         N/A       99%         4


Dungeon Overview and Level Annotations

Branches:
Dungeon (6/15)
 Temple: D:4-7

Altars:
Gozag
Uskayaw
Xom
Zin

Shops:
D:6 (

Annotations:
D:5 Pikel


Innate Abilities, Weirdness & Mutations

You are too large for most types of armour.
You have claws for hands.
Your natural rate of healing is unusually fast.
You are covered in fur. (AC +1)
You have tough skin. (AC +1)


Message History

You closely miss Pikel. The lemure hits you.
Pikel hits you with a +0 whip of electrocution!
The lemure hits you.
You miss Pikel. The lemure hits you! The lemure hits you.
Pikel barely misses you.
You completely miss Pikel. You barely miss Pikel. The lemure barely misses you.
The lemure hits you!
* * * LOW HITPOINT WARNING * * *
Pikel says, "I touched Geryon's horn once."
Pikel hits you with a +0 whip of electrocution!
* * * LOW HITPOINT WARNING * * *
You barely miss Pikel. The lemure hits you.
* * * LOW HITPOINT WARNING * * *
Your corrosive artefact corrodes you!
The lemure barely misses you.
Pikel hits you with a +0 whip of electrocution!
* * * LOW HITPOINT WARNING * * *
You sock Pikel!
Pikel is heavily wounded.
You barely miss Pikel.
Pikel is heavily wounded.
The lemure barely misses you.
Pikel hits you with a +0 whip of electrocution.
* * * LOW HITPOINT WARNING * * *
You are electrocuted!
* * * LOW HITPOINT WARNING * * *
The lemure hits you.
* * * LOW HITPOINT WARNING * * *
You closely miss Pikel.
Pikel is heavily wounded.
The lemure barely misses you. The lemure closely misses you.
Pikel hits you with a +0 whip of electrocution!
* * * LOW HITPOINT WARNING * * *
Unknown command.
You barely miss Pikel.
Pikel is heavily wounded.
A sleepcap comes into view.
The lemure hits you.
* * * LOW HITPOINT WARNING * * *
The lemure hits you!
You die...

#......... ......
..#......... #....#
...#.........
#....##...#.........
#.........#......... ..
#.........#......... #.
#.........#......... ##..
#.K55....##...##.... #...
#..@.##..##...##.... #....
###'###..##.........
#....##....##...#...##...#
##...............#...######
#.....†..........#........#
......###'####..##........+
..... #..####f.##.........
##~# ...............##...#
.# #...............##..##


You could see Pikel, 2 lemures and a sleepcap (wandering).

Vanquished Creatures
  Grinder (D:6)
  Sigmund (D:3)
  Eustachio (D:5)
  Menkaure (D:5)
  A steam dragon (D:6)
  Duvessa (D:6)
  A black bear (D:5)
  A sky beast (D:6)
  4 ogres
  2 centaurs (D:6)
  2 phantoms
  2 lemures (D:5)
  A bullfrog (D:6)
  A scorpion (D:6)
  Dowan (D:6)
  2 howler monkeys (D:5)
  4 hounds (D:5)
  An orc priest (D:6)
  An iguana (D:5)
  A sleepcap (D:6)
  An orc wizard (D:6)
  5 adders
  A shadow imp (D:5)
  A white imp (D:6)
  An ufetubus (D:6)
  A worm (D:2)
  4 orcs
  6 ball pythons
  5 endoplasms
  12 giant cockroaches
  4 goblins
  6 hobgoblins
  2 jackals (D:1)
  5 quokkas
  4 bats
  4 frilled lizards
  7 kobolds
  4 rats
103 creatures vanquished.

Notes
Turn   | Place    | Note
-------+----------+-------------------------------------------
     0 | D:1      | Destapler the Troll Berserker began the quest for the Orb.
     0 | D:1      | Reached XP level 1. HP: 22/22 MP: 0/0
   173 | D:1      | Found a faded altar of an unknown god.
   195 | D:1      | Reached XP level 2. HP: 28/29 MP: 1/1
   438 | D:1      | Reached skill level 3 in Maces & Flails
   505 | D:1      | Reached skill level 1 in Throwing
   779 | D:2      | Reached XP level 3. HP: 36/36 MP: 2/2
   861 | D:2      | Reached ** piety under Trog
  1087 | D:2      | Found a hide-covered altar of Uskayaw.
  1259 | D:2      | Identified the ring of the Yeti {*Corrode Str+6 Dex+7
                  | Slay+6 SInv}
  1276 | D:2      | Reached XP level 4. HP: 45/45 MP: 3/3
  1514 | D:3      | Found a glowing silver altar of Zin.
  1707 | D:3      | Found an opulent altar of Gozag.
  1726 | D:3      | Noticed Sigmund
  1739 | D:3      | Killed Sigmund
  1740 | D:3      | Reached skill level 5 in Maces & Flails
  1740 | D:3      | Reached XP level 5. HP: 42/53 MP: 4/4
  1776 | D:3      | You fall into a shaft and drop 3 floors!
  1816 | D:6      | Reached XP level 6. HP: 49/61 MP: 5/5
  1893 | D:6      | Found Kufy's Weapon Boutique.
  1893 | D:6      | Noticed a steam dragon
  1904 | D:6      | Killed a steam dragon
  1905 | D:6      | Reached skill level 6 in Maces & Flails
  1905 | D:6      | Reached skill level 1 in Armour
  1907 | D:6      | Reached XP level 7. HP: 23/67 MP: 6/6
  2005 | D:6      | Noticed Duvessa
  2005 | D:6      | Noticed Dowan
  2012 | D:6      | Killed Duvessa
  2015 | D:6      | Killed Dowan
  2098 | D:6      | Reached skill level 1 in Shields
  2291 | D:6      | Reached XP level 8. HP: 60/75 MP: 7/7
  2472 | D:6      | Noticed Grinder
  2475 | D:6      | Killed Grinder
  2510 | D:6      | Found a shimmering altar of Xom.
  2859 | D:5      | Entered Level 5 of the Dungeon
  2895 | D:5      | Noticed Menkaure
  2900 | D:5      | Killed Menkaure
  2954 | D:5      | Noticed Eustachio
  2966 | D:5      | Killed Eustachio
  2967 | D:5      | Reached skill level 7 in Maces & Flails
  3074 | D:5      | Reached *** piety under Trog
  3075 | D:5      | Reached XP level 9. HP: 85/85 MP: 8/8
  3102 | D:5      | Noticed Pikel
  3122 | D:5      | HP: 6/127 [lemure[Pikel] (2)]
  3122 | D:5      | Slain by a lemure

Illustrated notes

Levels and vault maps discovered:
D:1:      lightli_arrival_maybe_door_vault, layout_loops_ring,
          chequers_ecumenical_altar_island, minmay_unequal
D:2:      minmay_roachtagon, layout_loops_ring, basic_altar, serial_glass,
          glass_columns_a, glass_columns_c, glass_columns_a, glass_columns_a,
          glass_columns_c, glass_columns_a, minmay_strange_pillars,
          item_on_display_a, feat_on_display, feat_on_display,
          mrwooster_statue_mirror
D:3:      layout_loops_ring, overflow_temple_1_default, lemuel_doored_altar,
          mainiacjoe_overflow_six_doors_small, lemuel_crystal_altar,
          nicolae_overflow_quartered_altars, hangedman_decor_push, uniq_jessica,
          uniq_robin, uniq_sigmund
D:5:      layout_gridville, nemelex_dance_club_becter, grunt_decor_cap,
          uniq_edmund, uniq_menkaure, uniq_pikel, uniq_eustachio
D:6:      minmay_recursive_quarters, layout_basic, xom_teletrap_fun,
          kennysheep_windowed_goal, uniq_duvessa, uniq_grinder

Skill      XL: |  1  2  3  4  5  6  7  8 |
---------------+-------------------------+-----
Maces & Flails | 3 5 6 7 |  7.2
Throwing       | 1 2 3 |  3.0
Dodging        | 3 |  3.0
Fighting       | 3 4 |  4.7
Armour         | 2 3 4 |  4.6
Shields        | 1 3 |  3.7

Action                     |  1- 3 |  4- 6 |  7- 9 || total
---------------------------+-------+-------+-------++-------
  Melee: Mace              |   141 |    60 |   125 ||   326
         Punch             |     1 |     1 |     1 ||     3
  Throw: Dart              |       |       |     8 ||     8
         Large rock        |       |       |     2 ||     2
 Invoke: Berserk           |       |     2 |     4 ||     6
         Trog's Hand       |       |     1 |     4 ||     5
    Use: Scroll            |     2 |       |       ||     2
 Armour: Animal skin       |    67 |    20 |       ||    87
         Steam dragon scal |       |       |    50 ||    50
  Dodge: Dodged            |    75 |    32 |    98 ||   205
